 Dungeon Crawl Stone Soup version 0.18-a0-5-gf1fb587 (webtiles) character file.

2124 mrath the Magician (level 9, -4/49 HPs)
             Began as a Gargoyle Earth Elementalist on Nov 1, 2015.
             Slain by a phantom (6 damage)
             ... on level 7 of the Dungeon.
             The game lasted 01:18:55 (9928 turns).

mrath the Magician (Gargoyle Earth Elementalist)    Turns: 9928, Time: 01:18:55

Health: -4/49      AC:  9    Str: 16    XL:     9   Next: 29%
Magic:  15/19      EV: 12    Int: 19    God:
Gold:   238        SH:  0    Dex: 10    Spells: 4 memorised, 10 levels left

rFire  . . .     SeeInvis .     z - +2 whip (flame)
rCold  . . .     Clarity  .     b - +0 robe
rNeg   + . .     SustAt   .     (no shield)
rPois  ∞         Gourm    .     (no helmet)
rElec  +         Spirit   .     (no cloak)
rCorr  .         Warding  .     B - +0 pair of gloves
rMut   .         Stasis   .     (no boots)
MR     .....                    (no amulet)
Stlth  ++........               (no ring)
                                F - +4 ring of strength

@: not resistant to hostile enchantments, unstealthy
A: negative energy resistance 1, electricity resistance, unbreathing,
petrification resistance, rot immunity, AC +5
a: no special abilities


You were on level 7 of the Dungeon.
You were not hungry.

You visited 2 branches of the dungeon, and saw 8 of its levels.
You also visited: Sewer.

You collected 238 gold pieces.

Inventory:

Hand Weapons
 u - a +0 hunting sling of freezing
 y - a +0 blowgun
 z - a +2 whip of flaming (weapon)
Missiles
 a - 86 stones (quivered)
 v - 42 poisoned needles
 A - 2 javelins
Armour
 b - a +0 robe (worn)
 p - a +0 buckler
 B - a +0 pair of gloves (worn)
Jewellery
 F - a +4 ring of strength (left hand)
Wands
 q - a wand of magic darts (28)
 E - a wand of digging (3)
Scrolls
 e - a scroll of teleportation {unknown}
 i - 3 scrolls of remove curse {unknown}
 n - a scroll of identify
 o - 3 scrolls of recharging
 s - a scroll of fog {unknown}
 w - 2 scrolls of blinking {unknown}
 x - 2 scrolls of fear {unknown}
 C - 2 scrolls of noise {unknown}
Potions
 f - a potion of cancellation {unknown}
 g - 2 potions of cure mutation
 h - 8 potions of curing
 j - a potion of heal wounds {unknown}
 k - 3 potions of brilliance
 l - 4 potions of might
 t - a potion of haste
Books
 c - a book of Geomancy

   Spells                             Type                      Level
   a - Sandblast                      Earth                        1
   b - Stoneskin                      Transmutation/Earth          2
   c - Passwall                       Transmutation/Earth          3
   d - Stone Arrow                    Conjuration/Earth            3
   e - Petrify                        Transmutation/Earth          4
   f - Lee's Rapid Deconstruction     Earth                        5
Comestibles
 d - 3 bread rations
 m - 2 meat rations
 r - a royal jelly


   Skills:
 + Level 2.3 Fighting
 + Level 2.4 Maces & Flails
 + Level 3.1 Armour
 + Level 2.7 Dodging
 - Level 2.1 Stealth
 + Level 2.4 Shields
 * Level 6.8 Spellcasting
 + Level 4.7 Conjurations
 - Level 0.7 Transmutations
 + Level 6.8 Earth Magic
 + Level 2.5 Evocations


You had 10 spell levels left.
You knew the following spells:

 Your Spells              Type           Power        Failure   Level  Hunger
a - Sandblast             Erth           ####..       1%          1    None
b - Stoneskin             Trmt/Erth      ###.....     3%          2    None
c - Stone Arrow           Conj/Erth      ####..       2%          3    #......
d - Lee's Rapid Deconstr  Erth           ####......   17%         5    #####..


Dungeon Overview and Level Annotations

Branches:
Dungeon (7/15)             Temple (1/1) D:4

Altars:
Ashenzari
Cheibriados
Dithmenos
Elyvilon
Fedhas
Gozag
Kikubaaqudgha
Makhleb
Nemelex Xobeh
Okawaru
Qazlal
Ru
Sif Muna
Trog
Xom
Yredelemnul
Zin
The Shining One

Shops:
D:3 *

Annotations:
D:6 Grinder


Innate Abilities, Weirdness & Mutations

You are resistant to torment.
Your stone body is resilient (AC +5).
You are immune to poison.
You resist negative energy.
You are resistant to electric shocks.
You can survive without breathing.
You are immune to petrification.
You are immune to rotting.


Message History

Aim: a phantom (lightly damaged)
The blast of sand misses the phantom.
The giant frog closely misses you. The phantom completely misses you.
The giant frog hits you.
* * * LOW HITPOINT WARNING * * *
You closely miss the giant frog.
The giant frog is severely wounded.
The giant frog hits you but does no damage.
The phantom hits you but does no damage.
You hit the giant frog. You burn the giant frog.
The giant frog is almost dead.
The giant frog barely misses you.
The phantom blinks!
The giant frog hits you!
* * * LOW HITPOINT WARNING * * *
You hit the giant frog. You burn the giant frog.
You kill the giant frog!
The phantom closely misses you.
All of the chunks of flesh in your inventory have rotted away.
You hit the phantom. You burn the phantom.
The phantom is moderately damaged.
The phantom hits you.
You die...

#.#(#.# .((..
.(. #.#
############.#
#............#
#.############
#.###.# #.W@W.#
#####.# # #....#
#. #.####
#.##.###
#......# #
+.#......#####.#
#........#.....#
###.........#


You could see a phantom and a hungry ghost.

Vanquished Creatures
  Sigmund (D:5)
  A hippogriff (D:6)
  A phantom (D:6)
  Duvessa (D:4)
  A wasp (D:4)
  An ice beast (D:5)
  2 black bears (D:6)
  4 ogres
  2 centaurs
  A giant frog (D:7)
  Dowan (D:4)
  A scorpion (D:6)
  3 orc priests
  3 giant frog skeletons
  A hound (D:4)
  2 jellies (D:6)
  2 centaur skeletons
  An iguana (D:5)
  9 adders
  A gnoll (D:1)
  A river rat (D:3)
  3 shadow imps (D:5)
  2 oozes
  An adder zombie (D:5)
  6 worms
  A giant gecko (D:5)
  11 orcs
  4 ball pythons (Sewer)
  7 giant cockroaches
  5 goblins
  5 hobgoblins
  16 jackals
  6 bats
  7 giant newts
  16 kobolds
  A quokka (D:5)
  A quokka skeleton (D:6)
  A quokka zombie (D:5)
  7 rats
  2 plants (Sewer)
142 creatures vanquished.

Vanquished Creatures (others)
  A plant (Sewer)
1 creature vanquished.

Grand Total: 143 creatures vanquished

Notes
Turn   | Place    | Note
--------------------------------------------------------------
     0 | D:1      | mrath the Gargoyle Earth Elementalist began the quest for the Orb.
     0 | D:1      | Reached XP level 1. HP: 10/10 MP: 3/3
   333 | D:1      | Reached XP level 2. HP: 15/15 MP: 3/5
   368 | D:1      | Reached skill level 4 in Earth Magic
   556 | D:1      | Reached XP level 3. HP: 8/19 MP: 1/7
  1144 | D:1      | Learned a level 2 spell: Stoneskin
  1148 | D:1      | Learned a level 3 spell: Stone Arrow
  2034 | D:2      | Reached XP level 4. HP: 12/24 MP: 5/9
  2239 | D:2      | Found a basalt altar of Yredelemnul.
  2834 | D:3      | Reached skill level 1 in Conjurations
  3028 | D:3      | Found a glowing drain.
  3064 | Sewer    | Entered a sewer
  3941 | Sewer    | Reached XP level 5. HP: 28/28 MP: 10/10
  4577 | D:3      | Found an opulent altar of Gozag.
  4577 | D:3      | Found Gozag's Platinum Reserve.
  4863 | D:4      | Noticed an ogre
  4995 | D:4      | Noticed an ogre
  5023 | D:4      | Killed an ogre
  5023 | D:4      | Reached XP level 6. HP: 10/32 MP: 4/12
  5263 | D:4      | Noticed a wasp
  5277 | D:4      | Killed a wasp
  5277 | D:4      | Reached skill level 5 in Earth Magic
  5340 | D:4      | Noticed Duvessa
  5352 | D:4      | Noticed Dowan
  5470 | D:4      | Reached skill level 5 in Spellcasting
  5486 | D:4      | Killed an ogre
  5486 | D:4      | Reached XP level 7. HP: 14/36 MP: 8/14
  6079 | D:4      | Killed Duvessa
  6087 | D:4      | Killed Dowan
  6224 | D:4      | Found a staircase to the Ecumenical Temple.
  6286 | Temple   | Entered the Ecumenical Temple
  6445 | D:4      | Found a snail-covered altar of Cheibriados.
  6447 | D:4      | Noticed an ogre
  6454 | D:4      | Killed an ogre
  6651 | D:4      | Noticed a centaur
  6657 | D:4      | Killed a centaur
  6657 | D:4      | Reached skill level 6 in Spellcasting
  6657 | D:4      | Reached XP level 8. HP: 36/42 MP: 12/17
  6854 | D:5      | Entered Level 5 of the Dungeon
  7091 | D:5      | Reached skill level 1 in Armour
  7165 | D:5      | Reached skill level 1 in Fighting
  7165 | D:5      | Reached skill level 1 in Maces & Flails
  7165 | D:5      | Reached skill level 1 in Evocations
  7465 | D:5      | Noticed Sigmund
  7472 | D:5      | Killed Sigmund
  7472 | D:5      | Reached skill level 1 in Shields
  8296 | D:6      | Noticed Grinder
  8296 | D:6      | Paralysed by Grinder for 7 turns
  8471 | D:6      | Learned a level 5 spell: Lee's Rapid Deconstruction
  8605 | D:6      | Found an ancient bone altar of Kikubaaqudgha.
  8616 | D:6      | Found a bloodstained altar of Trog.
  8888 | D:6      | Found a shimmering altar of Xom.
  8898 | D:6      | Found a stormy altar of Qazlal.
  8971 | D:6      | Reached XP level 9. HP: 48/48 MP: 15/18
  9926 | D:7      | HP: 2/49 [giant frog (7)]
  9928 | D:7      | Slain by a phantom

Vault maps used:
D:1:      arrival_zaba_pyramid
D:2:      lemuel_round_altar
D:3:      portal_sewer_entry_a, nicolae_gozag_zags_fifth_avenue
D:4:      lemuel_doored_altar, minmay_temple_entry_junction, uniq_duvessa
D:5:      first_bread, hangedman_decor_push, uniq_sigmund
D:6:      nicolae_overflow_quartered_altars, uniq_grinder
D:7:      kennysheep_another_room, uniq_joseph, uniq_menkaure
Temple:   chambers_temple_12
Sewer:    sewer_co_scattered_pipes

Action                   |  1- 3 |  4- 6 |  7- 9 || total
-------------------------+-------+-------+-------++-------
Melee: Whip              |    13 |   140 |    88 ||   241
 Fire: Hunting sling     |    11 |    54 |    31 ||    96
       Blowgun           |       |    14 |    97 ||   111
Throw: Stone             |     4 |     2 |     2 ||     8
 Cast: Sandblast         |    43 |    84 |   136 ||   263
       Stoneskin         |       |     2 |     3 ||     5
  Use: Scroll            |       |       |     5 ||     5
       Potion            |       |       |     1 ||     1
 Stab: Sleeping          |       |     2 |    10 ||    12
  Eat: Chunk             |     2 |     1 |     8 ||    11
       Fruit             |     2 |       |       ||     2
       Bread ration      |       |     2 |     1 ||     3
       Beef jerky        |       |     1 |       ||     1
       Pizza             |       |       |     1 ||     1
